 Dungeon Crawl Stone Soup version 0.30.1-1-g62c8e00024 (webtiles) character file.

Game seed: 7824469723540193555

2745 spardeous the Geomancer (level 9, 0/34 HPs)
             Began as a Felid Earth Elementalist on July 15, 2023.
             Was an Initiate of Gozag.
             Succumbed to a gnoll sergeant's poison
             ... on level 7 of the Dungeon.
             The game lasted 00:20:13 (8173 turns).

spardeous the Geomancer (Felid Earth Elementalist)  Turns: 8173, Time: 00:20:14

Health: 0/34       AC:  2    Str:  4    XL:     9   Next: 41%
Magic:  9/13       EV: 24    Int: 20    God:    Gozag
Gold:   600        SH:  0    Dex: 17    Spells: 8/12 levels left
                                        Lives:  0   Deaths: 2

rFire   . . .        (weapon unavailable)
rCold   . . .        (shield unavailable)
rNeg    . . .        (body armour unavailable)
rPois   .            (helmet unavailable)
rElec   .            (cloak unavailable)
rCorr   .            (gloves unavailable)
SInv    +            (boots unavailable)
Will    +....        (no amulet)
Stlth   ++           (no ring)
HPRegen 0.25/turn    (no ring)
MPRegen 0.13/turn

%: no passive effects
@: lethally poisoned (0 -> -10), quick
A: very small, claws 1, fangs 3, see invisible, speed 1, shaggy fur 2, stealthy
paws, no weapons or thrown items, no armour, multi-lived
a: Renounce Religion, Potion Petition, Call Merchant, Bribe Branch


You were on level 7 of the Dungeon.
You worshipped Gozag.
Gozag was pleased with you.
You visited 2 branches of the dungeon, and saw 8 of its levels.

You collected 819 gold pieces.
You paid 219 gold pieces to Gozag.

Inventory:

Jewellery
 p - an amulet of faith
Wands
 o - a wand of charming (7)
 q - a wand of iceblast (16)
 x - a wand of mindburst (14)
Scrolls
 e - 3 scrolls of enchant armour {unknown}
 g - a scroll of blinking
 i - 5 scrolls of poison {unknown}
 m - a scroll of immolation {unknown}
 s - a scroll of enchant weapon {unknown}
 t - 2 scrolls of vulnerability {unknown}
 v - a scroll of brand weapon {unknown}
 w - a scroll of butterflies {unknown}
 y - 2 scrolls of teleportation {unknown}
 z - a scroll of fog {unknown}
 A - a scroll of amnesia {unknown}
 B - a scroll of noise {unknown}
Potions
 a - 3 potions of magic
 b - a potion of degeneration
 c - 3 potions of might {unknown}
 f - 2 potions of invisibility {unknown}
 j - a potion of flight
 k - a potion of brilliance
 l - 2 potions of heal wounds
 n - a potion of attraction
 r - a potion of haste
 u - 2 potions of curing


   Skills:
 - Level 10.1 Dodging
 - Level 2.6 Stealth
 - Level 2.0 Spellcasting
 + Level 5.6 Conjurations
 - Level 1.1 Transmutations
 - Level 10.2 Earth Magic


You had 8 spell levels left.
You knew the following spells:

 Your Spells              Type           Power      Damage    Failure   Level
a - Sandblast             Erth           84%        2d18      1%          1
b - Stone Arrow           Conj/Erth      66%        3d11      1%          3

Your spell library contained the following spells:

 Spells                   Type           Power      Damage    Failure   Level
 Passwall                 Tmut/Erth      20%        N/A       2%          2
 Petrify                  Tmut/Erth      24%        N/A       16%         4
 Lesser Beckoning         Tloc           4%         N/A       24%         2
 Gell's Gravitas          Tloc           2%         N/A       43%         3
 Teleport Other           Tloc           2%         N/A       43%         3
 Vhi's Electric Charge    Tloc/Air       4%         N/A       43%         3
 Arcjolt                  Conj/Air       6%         1d16      80%         5
 Plasma Beam              Fire/Air       1%         2x1d12    100%        6


Dungeon Overview and Level Annotations

Branches:
Dungeon (7/15)             Temple (1/1) D:7

Altars:
Ashenzari
Cheibriados
Fedhas
Gozag
Hepliaklqana
Kikubaaqudgha
Makhleb

Shops:
D:1 :

Annotations:
D:7 1 transporter, Grum; Joseph; turdburglar's ghost, novice HOFi


Innate Abilities, Weirdness & Mutations

You have sharp claws.
You have razor-sharp teeth.
You have supernaturally acute eyesight. (SInv)
You cover ground quickly. (Speed+)
You are covered in thick fur. (AC +2)
Your paws help you pounce on unaware monsters.
You are incapable of wielding weapons or throwing items.
You cannot wear armour.
You gain extra lives every three experience levels.


Message History

The gnoll looks frightened!
The gnoll sergeant looks frightened!
The gnoll bouda looks frightened!
The gnoll sergeant looks frightened!
Casting: Sandblast (safe; 1% risk of failure)
Confirm with . or Enter, or press ? or * to list all spells.
Aiming: Sandblast (safe; 1% risk of failure)
Press: ? - help, Shift-Dir - straight line, f - gnoll sergeant
Aim: a gnoll sergeant, wielding the +7 spear "Teutzoik" {venom, rF+ rN+}, wearing a +4 scale mail and wearing a +1 kite shield (fleeing, 91% to hit)
The blast of sand hits the gnoll sergeant but does no damage.
Your attack snaps the gnoll sergeant out of its fear.
Your attacks no longer feel as feeble.
The gnoll sergeant is no longer moving quickly.
Cornered, the gnoll sergeant turns to fight!
The gnoll sergeant starts to cry.
Casting: Sandblast (safe; 1% risk of failure)
Confirm with . or Enter, or press ? or * to list all spells.
Aiming: Sandblast (safe; 1% risk of failure)
Press: ? - help, Shift-Dir - straight line, f/p - gnoll sergeant
Aim: a gnoll sergeant, wielding the +7 spear "Teutzoik" {venom, rF+ rN+}, wearing a +4 scale mail and wearing a +1 kite shield (91% to hit)
The blast of sand hits the gnoll sergeant.
The gnoll sergeant is lightly wounded.
The gnoll sergeant closely misses you.
The gnoll sergeant hits you with the +7 spear "Teutzoik" {venom, rF+ rN+}!
* * * LOW HITPOINT WARNING * * *
You are lethally poisoned!
Casting: Sandblast (safe; 1% risk of failure)
Confirm with . or Enter, or press ? or * to list all spells.
Aiming: Sandblast (safe; 1% risk of failure)
Press: ? - help, Shift-Dir - straight line, f/p - gnoll sergeant
Aim: a gnoll sergeant, wielding the +7 spear "Teutzoik" {venom, rF+ rN+}, wearing a +4 scale mail and wearing a +1 kite shield (lightly wounded, 91% to hit)
The blast of sand misses the gnoll sergeant.
* * * LOW HITPOINT WARNING * * *
You feel very sick.
Casting: Sandblast (safe; 1% risk of failure)
Confirm with . or Enter, or press ? or * to list all spells.
Aiming: Sandblast (safe; 1% risk of failure)
Press: ? - help, Shift-Dir - straight line, f/p - gnoll sergeant
Aim: a gnoll sergeant, wielding the +7 spear "Teutzoik" {venom, rF+ rN+}, wearing a +4 scale mail and wearing a +1 kite shield (lightly wounded, 91% to hit)
The gnoll sergeant blocks the blast of sand.
You die...
Your body crumbles into a pile of gold.

#######.....#####......###
..####......(.....#..#...#
.........................#
≈≈≈≈≈≈≈≈≈≈~≈≈≈≈≈≈≈≈≈≈≈≈..#
≈≈≈≈≈≈≈≈≈≈~≈≈≈≈≈≈≈≈≈≈≈≈..#
#####...........#####≈≈..#
#.8.#.###.©.###.#.8.#≈≈.##
#...###.#####.###...#≈≈.#
###.......gg....@g###≈≈.#
.8#.##g###W######.#8.≈≈.#
.##.#ghg#..8#..h#g##.≈≈.#
.#..'..Wg.©⌠#:..'g.#.~~.#
.##.#..h#..8#...#.##.≈≈.#
.8#.##'###'######.#8.≈≈.#
###...............###≈≈.#
#...###©#####.###.g.#≈≈.#
#.8.#.###.©.###.#.8.#≈≈.#


You could see a gnoll sergeant, a wolf, turdburglar's ghost and 5 gnolls.

Vanquished Creatures
  Pikel (D:5)
  Maggie (D:6)
  Grinder (D:3)
  A wraith (D:6)
  Menkaure (D:7)
  A steam dragon (D:6)
  2 water moccasins
  2 black bears
  3 ice beasts (D:5)
  2 sky beasts
  2 ogres
  2 centaurs
  A phantom (D:6)
  4 lemures (D:5)
  Blork the orc (D:5)
  A scorpion (D:6)
  4 bullfrogs
  2 howler monkeys
  An orc priest (D:5)
  4 jellies
  Crazy Yiuf (D:6)
  5 hounds
  7 iguanas
  2 gnoll boudas
  3 sleepcaps
  An orc wizard (D:5)
  10 gnolls
  5 adders
  A shadow imp (D:6)
  2 white imps (D:6)
  3 ufetubi (D:6)
  3 worms (D:2)
  3 dart slugs
  14 orcs
  9 ball pythons
  8 endoplasms
  3 giant cockroaches
  6 goblins
  9 hobgoblins
  4 jackals (D:4)
  10 kobolds
  2 quokkas
  7 bats
  4 frilled lizards
  A rat (D:1)
160 creatures vanquished.

Notes
Turn   | Place    | Note
-------+----------+-------------------------------------------
     0 | D:1      | spardeous the Felid Earth Elementalist began the quest for
                  | the Orb.
     0 | D:1      | Reached XP level 1. HP: 7/7 MP: 4/4
   148 | D:1      | Reached XP level 2. HP: 11/11 MP: 3/6
   491 | D:2      | Reached XP level 3. HP: 14/14 MP: 3/7
   860 | D:2      | Reached XP level 4. HP: 14/18 MP: 4/8
  1070 | D:3      | Noticed Grinder
  1330 | D:4      | Reached skill level 5 in Earth Magic
  1458 | D:4      | Reached XP level 5. HP: 19/21 MP: 5/9
  1918 | D:5      | Entered Level 5 of the Dungeon
  1918 | D:5      | Noticed an ice beast
  2318 | D:5      | Gained mutation: You are covered in thick fur. (AC +2)
                  | [Felid growth]
  2318 | D:5      | Reached XP level 6. HP: 24/24 MP: 4/10
  2452 | D:5      | Reached skill level 5 in Dodging
  2566 | D:5      | Noticed a water moccasin
  2576 | D:5      | Killed a water moccasin
  2577 | D:5      | Reached XP level 7. HP: 27/27 MP: 8/11
  2722 | D:5      | Noticed Pikel
  2747 | D:5      | Noticed Blork the orc
  2849 | D:5      | Killed from afar by an orc priest
  2850 | D:5      | Reached XP level 6. HP: -3/24 MP: 6/10
  2868 | D:5      | Killed Blork the orc
  2925 | D:5      | Noticed an ice beast
  3186 | D:5      | Killed Pikel
  3187 | D:5      | Reached XP level 7. HP: 27/27 MP: 6/11
  3282 | D:5      | Learned a level 3 spell: Stone Arrow
  3460 | D:5      | Reached XP level 8. HP: 31/31 MP: 6/12
  3616 | D:6      | Noticed Maggie
  3932 | D:6      | Reached skill level 10 in Dodging
  4407 | D:6      | HP: 1/31 [steam dragon (4)]
  4411 | D:6      | Killed from afar by a steam dragon
  4412 | D:6      | Reached XP level 7. HP: -19/27 MP: 8/11
  4450 | D:6      | Reached XP level 8. HP: 31/31 MP: 9/12
  4453 | D:6      | Identified the +10 flail "Suivo" {antimagic, rC+++}
  4595 | D:6      | Killed Maggie
  4596 | D:6      | Reached skill level 10 in Earth Magic
  4768 | D:6      | Found a runed translucent door.
  4769 | D:6      | Noticed Crazy Yiuf
  4794 | D:6      | Killed Crazy Yiuf
  4886 | D:7      | Reached skill level 1 in Conjurations
  5121 | D:7      | Reached XP level 9. HP: 24/34 MP: 8/13
  5192 | D:7      | Found a blossoming altar of Fedhas.
  5192 | D:7      | Found an ancient bone altar of Kikubaaqudgha.
  5314 | D:7      | Noticed Grum
  5330 | D:7      | Identified the +7 spear "Teutzoik" {venom, rF+ rN+}
  5348 | D:7      | Found a transporter.
  5353 | D:7      | Noticed Joseph
  5714 | D:7      | Noticed Menkaure
  6045 | D:7      | Reached skill level 5 in Conjurations
  6078 | D:7      | Killed Menkaure
  6289 | D:7      | Noticed turdburglar's ghost (novice HOFi)
  6312 | D:7      | Found a staircase to the Ecumenical Temple.
  6323 | Temple   | Entered the Ecumenical Temple
  6329 | Temple   | Became a worshipper of Gozag Ym Sagoz the Greedy
  6761 | D:3      | Killed Grinder
  7325 | D:1      | Found Befip's Book Shop.
  8020 | D:7      | Identified the amulet of Xom's Bemusement {Acrobat Str+5
                  | Dex+2 Slay+3}
  8109 | D:7      | Found a transporter.
  8173 | D:7      | Succumbed to a gnoll sergeant's poison

Illustrated notes

Levels and vault maps discovered:
D:1:      dpeg_arrival_erosion, layout_basic, serial_shops,
          nicolae_shop_pleasant_corner_grove, minmay_unequal
D:2:      layout_basic, kennysheep_generic_room_13
D:3:      layout_rooms, uniq_grinder
D:4:      layout_rooms, minmay_bent
D:5:      layout_basic, uniq_blork_the_orc, uniq_pikel
D:6:      layout_rooms, chequers_garden, nzn_random_ring,
          uniq_crazy_yiuf_cottage, uniq_maggie
D:7:      layout_loops_ring, grunt_temple_overflow_growth_and_decay,
          minmay_temple_entry_fiery, gammafunk_ghost_gnarly_gnolls,
          chequers_hall_statues_y, minivault_10, uniq_menkaure, uniq_joseph
Temple:   nicolae_temple_ecumenical_triangle

Skill      XL: |  1  2  3  4  5  6  7  8  9 |
---------------+----------------------------+-----
Earth Magic    | 3 4 5 7 10 | 10.2
Dodging        | 3 4 8 6 10 | 10.1
Conjurations   | 3 5 |  5.6
Stealth        | |  2.6
Spellcasting   | |  2.0
Transmutations | |  1.1

Action                     |  1- 3 |  4- 6 |  7- 9 || total
---------------------------+-------+-------+-------++-------
  Melee: Unarmed           |       |       |     1 ||     1
   Cast: Sandblast         |    39 |   111 |   216 ||   366
    Use: Potion            |       |       |     1 ||     1
         Scroll            |       |       |     8 ||     8
 Armour: Skin              |     1 |     1 |     2 ||     4
  Dodge: Dodged            |     6 |    28 |   109 ||   143
